 Dungeon Crawl Stone Soup version bcrawl-1.27.1d (webtiles) character file.

Game seed: 10186761087774037338

249643 UnDebs the Insei (level 8, -14/62 HPs)
             Began as a Human Martial Artist on July 20, 2020.
             Was a Priest of Wu Jian.
             Demolished by an orc warrior
             ... wielding a +0 dire flail
              (21 damage)
             ... on level 6 of the Dungeon.
             The game lasted 00:09:51 (3788 turns).

UnDebs the Insei (Human Martial Artist)             Turns: 3788, Time: 00:09:51

Health: -14/62     AC:  3    Str: 13    XL:     8   Next: 26%
Magic:  9/9        EV: 16    Int: 10    God:    Wu Jian [***...]
Gold:   351        SH:  0    Dex: 17    Spells: 8/9 levels left

rFire    + . .     SeeInvis .     - Fists (12.6)
rCold    x . .     Gourm    .   (no shield)
rNeg     + . .     Faith    .   a - +0 robe
rPois    .         Spirit   .   m - +0 helmet
rElec    +         Reflect  .   (no cloak)
rCorr    .         Harm     .   (no gloves)
MR       .....                  (no boots)
Stlth    ++........             (no amulet)
HPRegen  0.20/turn              t - ring of positive energy
MPRegen  0.11/turn              y - ring of the Solstice {Fire rElec}

@: serpent's lash
A: no striking features
a: Wall Jump, Serpent's Lash, Renounce Religion


You were on level 6 of the Dungeon.
You worshipped Wu Jian.
Wu Jian was most pleased with you.
You were very hungry.

You visited 1 branch of the dungeon, and saw 6 of its levels.

You collected 351 gold pieces.

Inventory:

Missiles
 r - 53 curare-tipped needles
 u - 159 poisoned needles
Armour
 a - a +0 robe (worn)
 m - a +0 helmet (worn)
Jewellery
 q - an uncursed ring of insulation
 t - a ring of positive energy (left hand)
 w - an uncursed amulet of magic regeneration {unknown}
 x - a +6 ring of intelligence
 y - the ring of the Solstice (right hand) {Fire rElec}
   (You found it on level 4 of the Dungeon)

   [ring of fire]

   It enhances your fire magic.
   It protects you from fire.
   It makes you vulnerable to cold.
   It insulates you from electricity.
Wands
 o - a wand of iceblast (15)
Scrolls
 c - 3 scrolls of teleportation
 f - 2 scrolls of remove curse
 h - 2 scrolls of identify
 i - a scroll of fear
 k - 2 scrolls of immolation
Potions
 b - 2 potions of agility
 d - 4 potions of curing {unknown}
 j - a potion of degeneration {unknown}
 l - 2 potions of heal wounds {unknown}
 n - a potion of might {unknown}
 s - a potion of lignification {unknown}
 v - a potion of flight {unknown}
Comestibles
 e - 9 rations {!d}


   Skills:
 - Level 5.0 Fighting
 + Level 5.7 Dodging
 - Level 1.4 Stealth
 + Level 7.7 Unarmed Combat
 - Level 1.0 Spellcasting
 * Level 3.5 Hexes
 - Level 0.2 Evocations


You had 8 spell levels left.
You knew the following spells:

 Your Spells              Type           Power        Failure   Level  Hunger
a - Confusing Touch       Hex            #.......     9%          1    None
Your spell library was empty.

Dungeon Overview and Level Annotations

Branches:
Dungeon (6/12)             Temple (0/1) D:4

Altars:

Shops:
D:5 *

Annotations:
D:4 1 runed translucent door, Quickbrownfox's ghost, amateur DsAc


Message History

The orc warrior is lightly wounded.
The orc warrior closely misses you.
You closely miss the orc warrior.
The orc warrior is lightly wounded.
The orc warrior hits you with a +0 dire flail!
* * * LOW HITPOINT WARNING * * *
The orc priest hits you but does no damage.
You hit the orc warrior.
The orc warrior is lightly wounded.
The orc priest closely misses you.
Your muscles tense, ready for explosive movement...
You hit the orc warrior.
The orc warrior is moderately wounded.
The orc warrior barely misses you.
You hit the orc warrior. You punch the orc warrior.
The orc warrior is severely wounded.
The orc priest hits you with a +0 short sword!
* * * LOW HITPOINT WARNING * * *
The orc warrior hits you with a +0 dire flail!!
You die...

#§§§§##
#§.§.§#
#§§§§..#
##§.§..#
##§§§### #
#..### ##.#
##.##
##....#..#
#....))@##
##....oo.#
#........#
#.........#
#..........#
............#
##...........
##..........#


You could see an orc warrior and an orc priest.

Vanquished Creatures
  2 sky beasts (D:5)
  3 ogres
  A centaur (D:3)
  2 crimson imps
  2 hounds (D:4)
  A bullfrog skeleton (D:4)
  A worker ant (D:5)
  A howler monkey zombie (D:5)
  2 worker ant zombies (D:5)
  4 adders
  3 oozes
  An adder zombie (D:5)
  7 worms
  A dart slug (D:1)
  4 leopard geckos
  8 orcs
  A ball python (D:3)
  5 bats
  5 giant cockroaches
  8 hobgoblins
  8 jackals
  4 quokkas
  4 frilled lizards
  6 goblins
  A jackal zombie (D:3)
  9 kobolds
  A quokka skeleton (D:3)
  4 rats
99 creatures vanquished.

Vanquished Creatures (others)
  5 fungi (D:5)
5 creatures vanquished.

Grand Total: 104 creatures vanquished

Notes
Turn   | Place    | Note
-------+----------+-------------------------------------------
     0 | D:1      | UnDebs the Human Martial Artist began the quest for the
                  | Orb.
     0 | D:1      | Reached XP level 1. HP: 18/18 MP: 2/2
    74 | D:1      | Reached XP level 2. HP: 24/24 MP: 3/3
   272 | D:1      | Reached XP level 3. HP: 29/29 MP: 4/4
   338 | D:1      | Reached skill level 5 in Unarmed Combat
   715 | D:2      | Reached XP level 4. HP: 35/35 MP: 5/5
   722 | D:2      | Reached ** piety under Wu Jian
  1104 | D:2      | Reached XP level 5. HP: 42/42 MP: 6/6
  2064 | D:3      | Noticed a centaur
  2076 | D:3      | Killed a centaur
  2076 | D:3      | Reached skill level 6 in Unarmed Combat
  2076 | D:3      | Reached XP level 6. HP: 33/48 MP: 7/7
  2232 | D:4      | Got an ancient pewter ring
  2234 | D:4      | Identified the ring of the Solstice {Fire rElec} (You found
                  | it on level 4 of the Dungeon)
  2271 | D:4      | Reached *** piety under Wu Jian
  2524 | D:4      | Noticed an ogre
  2533 | D:4      | Killed an ogre
  2533 | D:4      | Reached XP level 7. HP: 49/55 MP: 8/8
  2594 | D:4      | Found a runed translucent door.
  2596 | D:4      | Noticed Quickbrownfox's ghost (amateur DsAc)
  2707 | D:4      | Reached skill level 5 in Dodging
  2707 | D:4      | Reached skill level 7 in Unarmed Combat
  3025 | D:4      | Found a staircase to the Ecumenical Temple.
  3104 | D:5      | Entered Level 5 of the Dungeon
  3192 | D:5      | Reached skill level 5 in Fighting
  3192 | D:5      | Reached XP level 8. HP: 30/62 MP: 9/9
  3391 | D:5      | Found Usmej's Assorted Antiques.
  3788 | D:6      | Demolished by an orc warrior

Skill      XL: |  1  2  3  4  5  6  7  8 |
---------------+-------------------------+-----
Unarmed Combat | 5 6 7 |  7.7
Dodging        | 4 5 |  5.7
Fighting       | 4 5 |  5.0
Hexes          | 2 3 |  3.5
Stealth        | |  1.4
Spellcasting   | |  1.0
Evocations     | |  0.2

Action                   |  1- 3 |  4- 6 |  7- 9 || total
-------------------------+-------+-------+-------++-------
Melee: Unarmed           |    86 |   199 |   112 ||   397
       Punch             |     5 |     7 |     1 ||    13
 Cast: Confusing Touch   |       |       |     2 ||     2
Invok: Lunge             |     8 |    18 |     7 ||    33
       Whirlwind         |     7 |       |     2 ||     9
 Abil: Serpent's Lash    |       |       |     1 ||     1
  Use: Scroll            |       |       |    10 ||    10
 Stab: Sleeping          |     9 |     5 |     2 ||    16
       Distracted        |       |     1 |       ||     1
       Confused          |       |       |     1 ||     1
  Eat: Chunk             |     1 |    10 |     4 ||    15
Armor: Robe              |     7 |    21 |    10 ||    38
Dodge: Dodged            |    51 |    99 |    49 ||   199
